 Dungeon Crawl Stone Soup version 0.29-a0-819-g94b489e0ae (webtiles) character file.

Game seed: 15039991721351675963

20418 Querens the Nimble (level 13, -12/116 HPs)
             Began as a Meteoran Fighter on July 7, 2022.
             Mangled by a sun demon (18 damage)
             ... in a volcano.
             The game lasted 00:30:34 (6532 turns).

Querens the Nimble (Meteoran Fighter)               Turns: 6532, Time: 00:30:34

Health: -12/116    AC: 29    Str: 24    XL:     13   Next: 41%
Magic:  14/14      EV: 12    Int: 10    God:
Gold:   257        SH:  7    Dex: 13    Spells: 12/12 levels left

rFire   x . .      SeeInvis .   a - +0 war axe
rCold   . . .      Faith    .   c - +0 buckler
rNeg    . . .      Spirit   .   x - +1 plate armour {Will+}
rPois   .          Reflect  .   (no helmet)
rElec   +          Harm     .   q - +4 cloak of Qeps {Rampage rElec rF- Slay+5}
rCorr   .          Rampage  +   (no gloves)
Will    +++..                   n - +2 pair of boots
Stlth   ..........              (no amulet)
HPRegen 0.29/turn               e - +4 ring of protection
MPRegen 0.14/turn               C - ring of willpower

@: glowing, studying Dodging
A: sense surroundings 2, otherworldly, glowing, explore regen
a: no special abilities


You were in a volcano.
You visited 2 branches of the dungeon, and saw 12 of its levels.
You also visited: Bailey and Volcano.

You collected 717 gold pieces.
You spent 460 gold pieces at shops.

Inventory:

Hand Weapons
 a - a +0 war axe (weapon)
 K - the +7 mace "Otwar" {flame, Str+4 Stlth+}
   (You found it on level 1 of the Lair of Beasts)

   It burns those it strikes, dealing additional fire damage.
   Str:       It affects your strength (+4).
   Stlth:     It makes you more stealthy.
Armour
 b - the +2 cloak of Reumeiqo {rN+ Int+3 Dex+4}
   (You bought it in a shop on level 3 of the Dungeon)

   Int:       It affects your intelligence (+3).
   Dex:       It affects your dexterity (+4).
   rN:        It protects you from negative energy.
 c - a +0 buckler (worn)
 n - a +2 pair of boots (worn)
 q - the +4 cloak of Qeps (worn) {Rampage rElec rF- Slay+5}
   (You acquired it on level 10 of the Dungeon)

   Slay:      It affects your accuracy & damage with ranged weapons and melee
   (+5).
   rF:        It makes you vulnerable to fire.
   rElec:     It insulates you from electricity.
   Rampage:   It bestows one free step when moving towards enemies.
 x - a +1 plate armour of willpower (worn)
Jewellery
 e - a +4 ring of protection (left hand)
 u - a ring of flight
 C - a ring of willpower (right hand)
 D - an amulet of magic regeneration
Wands
 p - a wand of flame (9)
 s - a wand of roots (3)
 y - a wand of polymorph (2)
 B - a wand of mindburst (4)
Scrolls
 g - 3 scrolls of fog
 h - 3 scrolls of enchant armour
 j - 3 scrolls of summoning
 m - 5 scrolls of teleportation
 o - 2 scrolls of silence
 z - a scroll of blinking
 E - a scroll of enchant weapon {unknown}
 F - a scroll of identify
 G - 3 scrolls of immolation {unknown}
 J - a scroll of brand weapon {unknown}
Potions
 d - a potion of might
 f - 4 potions of lignification
 i - 3 potions of flight
 k - 3 potions of attraction
 l - a potion of cancellation {unknown}
 r - a potion of degeneration {unknown}
 t - 5 potions of brilliance {unknown}
 v - a potion of berserk rage {unknown}
 w - a potion of ambrosia {unknown}
 A - a potion of resistance {unknown}
 H - 3 potions of mutation {unknown}
 I - a potion of magic {unknown}
Miscellaneous
 L - a condenser vane


   Skills:
 + Level 11.1 Fighting
 + Level 11.8 Axes
 + Level 12.1 Armour
 + Level 14.6 Dodging
 + Level 12.1 Shields


You had 12 spell levels left.
You didn't know any spells.
Your spell library contained the following spells:

 Spells                   Type           Power      Damage    Failure   Level
 Foxfire                  Conj/Fire      0%         2x1d4     99%         1
 Conjure Flame            Conj/Fire      0%         6-21      100%        3
 Dazzling Flash           Conj/Hex       0%         N/A       100%        3
 Inner Flame              Hex/Fire       0%         N/A       100%        3
 Cause Fear               Hex            0%         N/A       100%        4
 Flame Wave               Conj/Fire      0%         2d4       100%        4
 Iskenderun's Mystic Bla  Conj/Tloc      0%         2d3       100%        4
 Starburst                Conj/Fire      0%         6d3       100%        6
 Dragon Form              Tmut           0%         N/A       100%        7
 Dragon's Call            Summ           0%         N/A       100%        9


Dungeon Overview and Level Annotations

Branches:
Dungeon (11/15) Zot: 855     Lair (1/6) D:11 Zot: 179  Bailey (visited)
Volcano (1/1) Zot: 570
 Temple: D:4-7          Orc: D:9-12

Altars:
Ashenzari
Cheibriados
Elyvilon
Fedhas
Gozag
Makhleb
Sif Muna
Uskayaw
Wu Jian
The Shining One

Shops:
D:3 [   D:4 ?

Annotations:
D:3 2 transporters, raistware's ghost, weakling MiFi
D:9 3 runed translucent doors


Innate Abilities, Weirdness & Mutations

You passively map the area around you.
You are easily found by Zot.
You glow in the dark.
You regain HP and MP as you explore.


Message History

You slice the smoke demon!!
The smoke demon is almost dead.
You hit the steam dragon but do no damage.
The steam dragon breathes steam at you. The ball of steam hits you.
The steam scalds you terribly! The smoke demon completely misses you.
The smoke demon hits you but does no damage. x2
You hear an angry hiss.
You hear a shout!
You hear an angry hiss.
You slash the steam dragon!
You kill the steam dragon!
The steam dragon scales are intact enough to wear.
You hit the smoke demon.
You are engulfed in a cloud of scalding steam.
The smoke demon misses you.
The smoke demon hits you but does no damage. x2
Unknown command.
The smoke demon gestures at you.
The ball of steam hits you but does no damage.
The sun demon hits you!
You are engulfed in flames!!
The fire burns you terribly!
Things that are here:
+0 steam dragon scales; a steam dragon corpse You closely miss the sun demon.
You are engulfed in a cloud of scalding steam.
The sun demon hits you but does no damage.
You closely miss the sun demon. You closely miss the smoke demon.
You are engulfed in a cloud of scalding steam.
A sun demon comes into view.
The sun demon hits you!
You are engulfed in flames!!
The fire burns you terribly!
* * * LOW HITPOINT WARNING * * *
The smoke demon gestures at you. The sticky flame misses you.
You hit the sun demon but do no damage. You closely miss the smoke demon.
You are engulfed in a cloud of scalding steam.
* * * LOW HITPOINT WARNING * * *
The sun demon hits you.
* * * LOW HITPOINT WARNING * * *
You are engulfed in flames!!
The fire burns you terribly!
You die...

..∩..#......##*
..##
#...##.......##
...##
##∩###........##
....## ###
#####.....#
.....##
#.....###......#
*,,
##.....§...§...#
, , *
##.........§..#
,
**##..§.3.......
* , ≈≈, ,
#§§.@####§... *
≈ #§..3# #§§, ,
,*#§§§§.# ,, , ,
* #.....# * ,
##..... * , * +
* ###... , , , 8
#.3. , #..§§ ,
,, , * , , , ,,


You could see 2 sun demons and a smoke demon.

Vanquished Creatures
  An orc warlord (Bailey)
  A death yak (D:11)
  Amaemon (Lair:1)
  A lindwurm (Lair:1)
  Maurice (D:8)
  A black mamba (Lair:1)
  An orange demon (Lair:1)
  An unseen horror (D:8)
  5 cane toads (Lair:1)
  A kobold demonologist (D:9)
  3 komodo dragons
  Grinder (D:3)
  A shadow (D:9)
  2 wyverns (D:9)
  A wraith (D:9)
  33 yaks
  3 steam dragons
  3 acid dragons
  3 water moccasins
  6 orc warriors
  An ice beast (D:6)
  A sky beast (D:6)
  A black bear (D:4)
  An ogre (D:6)
  2 centaurs
  A kobold brigand (D:7)
  2 bullfrogs
  A necrophage (D:6)
  2 scorpions
  3 wights (D:9)
  5 killer bees (D:7)
  2 howler monkeys (D:8)
  A lava snake (D:9)
  3 hounds
  3 jellies
  5 orc priests
  Crazy Yiuf (D:5)
  6 iguanas
  Ijyb (D:3)
  7 orc wizards
  6 gnolls
  8 adders
  3 shadow imps
  An ufetubus (D:6)
  2 worms
  A dart slug (D:2)
  39 orcs
  4 bats
  6 endoplasms
  A giant cockroach (D:2)
  8 goblins
  5 hobgoblins
  7 jackals
  3 quokkas
  3 ball pythons (D:1)
  A frilled lizard (D:3)
  20 kobolds
  4 rats
241 creatures vanquished.

Vanquished Creatures (others)
  An ufetubus (D:6)
1 creature vanquished.

Grand Total: 242 creatures vanquished

Notes
Turn   | Place    | Note
-------+----------+-------------------------------------------
     0 | D:1      | Querens the Meteoran Fighter began the quest for the Orb.
     0 | D:1      | Reached XP level 1. HP: 19/19 MP: 2/2
   172 | D:1      | Reached XP level 2. HP: 26/26 MP: 3/3
   379 | D:1      | Reached XP level 3. HP: 31/31 MP: 4/4
   481 | D:1      | Glimpsed the power of Zot.
   529 | D:1      | Glimpsed the power of Zot.
   865 | D:2      | Reached XP level 4. HP: 40/40 MP: 5/5
  1066 | D:2      | Glimpsed the power of Zot.
  1116 | D:2      | Glimpsed the power of Zot.
  1130 | D:3      | Noticed Ijyb
  1137 | D:3      | Killed Ijyb
  1138 | D:3      | Reached XP level 5. HP: 40/46 MP: 6/6
  1205 | D:3      | Found Qifom's Antique Armour Emporium.
  1263 | D:3      | Found a burning altar of Makhleb.
  1266 | D:3      | Found a broken altar of Ashenzari.
  1269 | D:3      | Found a hide-covered altar of Uskayaw.
  1318 | D:3      | Noticed Grinder
  1321 | D:3      | Paralysed by Grinder for 5 turns
  1347 | D:3      | Paralysed by Grinder for 2 turns
  1349 | D:3      | Killed Grinder
  1350 | D:3      | Reached skill level 5 in Armour
  1350 | D:3      | Reached skill level 5 in Shields
  1350 | D:3      | Reached XP level 6. HP: 15/55 MP: 7/7
  1350 | D:3      | Reached XP level 7. HP: 16/60 MP: 8/8
  1415 | D:3      | Found a shimmering blue altar of Sif Muna.
  1436 | D:3      | Found a faded altar of an unknown god.
  1609 | D:3      | Found a transporter.
  1611 | D:3      | Noticed raistware's ghost (weakling MiFi)
  1612 | D:3      | Identified the +9 great mace of Rohiopit {flame, rN++
                  | rCorr}
  1616 | D:3      | Found a transporter.
  1638 | D:3      | Glimpsed the power of Zot.
  1672 | D:4      | Found Tuot's Magic Scroll Boutique.
  1674 | D:4      | Bought 3 scrolls of identify for 60 gold pieces
  1674 | D:4      | Bought a scroll of teleportation for 30 gold pieces
  1757 | D:4      | Reached skill level 5 in Fighting
  1843 | D:4      | Found a glowing golden altar of the Shining One.
  1884 | D:4      | Reached skill level 5 in Axes
  2217 | D:3      | Glimpsed the power of Zot.
  2267 | D:4      | Glimpsed the power of Zot.
  2288 | D:5      | Entered Level 5 of the Dungeon
  2328 | D:5      | Reached XP level 8. HP: 68/69 MP: 9/9
  2346 | D:5      | Found an ornate altar of the Wu Jian Council.
  2419 | D:5      | Noticed a gargoyle
  2612 | D:5      | Reached skill level 1 in Dodging
  2628 | D:5      | Found a runed translucent door.
  2629 | D:5      | Noticed Crazy Yiuf
  2635 | D:5      | Killed Crazy Yiuf
  2743 | D:5      | Noticed a vampire mosquito
  2801 | D:5      | Glimpsed the power of Zot.
  2824 | D:5      | Reached skill level 2 in Dodging
  2835 | D:5      | Reached skill level 3 in Dodging
  2843 | D:5      | Glimpsed the power of Zot.
  2882 | D:5      | Glimpsed the power of Zot.
  2952 | D:6      | Gained mutation: You passively map the area around you.
                  | [Meteoran growth]
  2952 | D:6      | Reached XP level 9. HP: 36/75 MP: 10/10
  3005 | D:6      | Reached skill level 4 in Dodging
  3255 | D:6      | Reached skill level 5 in Dodging
  3344 | D:6      | Reached skill level 6 in Dodging
  3372 | D:6      | Glimpsed the power of Zot.
  3422 | D:6      | Glimpsed the power of Zot.
  3469 | D:6      | Found a white marble altar of Elyvilon.
  3545 | D:7      | Found a blossoming altar of Fedhas.
  3696 | D:7      | Reached XP level 10. HP: 84/86 MP: 11/11
  3740 | D:7      | Found a snail-covered altar of Cheibriados.
  3852 | D:7      | Reached skill level 7 in Dodging
  3949 | D:7      | Glimpsed the power of Zot.
  3998 | D:7      | Glimpsed the power of Zot.
  4074 | D:8      | Reached skill level 8 in Dodging
  4198 | D:8      | Noticed Maurice
  4244 | D:8      | Killed Maurice
  4244 | D:8      | Killed an unseen horror
  4245 | D:8      | Reached skill level 9 in Dodging
  4259 | D:8      | Found a flagged portal.
  4464 | Bailey   | Entered a bailey
  4469 | Bailey   | Noticed an orc warlord
  4587 | Bailey   | Found a runed translucent gate.
  4589 | Bailey   | Found a runed translucent gate.
  4591 | Bailey   | Found a runed translucent gate.
  4630 | Bailey   | Identified the +0 great sword of Tubbun {freeze, rC+ rCorr
                  | Int-4 Dex+4}
  4657 | Bailey   | Killed an orc warlord
  4658 | Bailey   | Reached XP level 11. HP: 74/95 MP: 12/12
  4685 | Bailey   | Reached skill level 10 in Axes
  4685 | Bailey   | Reached skill level 10 in Armour
  4685 | Bailey   | Reached skill level 12 in Dodging
  4685 | Bailey   | Reached skill level 10 in Shields
  4685 | Bailey   | Reached XP level 12. HP: 92/106 MP: 13/13
  5045 | D:3      | Bought a jewelled cloak for 275 gold pieces
  5045 | D:3      | Identified the +2 cloak of Reumeiqo {rN+ Int+3 Dex+4} (You
                  | bought it in a shop on level 3 of the Dungeon)
  5084 | D:4      | Bought a scroll of identify for 20 gold pieces
  5084 | D:4      | Bought a scroll of enchant armour for 75 gold pieces
  5328 | D:8      | Reached skill level 10 in Fighting
  5419 | D:9      | Glimpsed the power of Zot.
  5469 | D:9      | Glimpsed the power of Zot.
  5505 | D:9      | Found a runed translucent gate.
  5505 | D:9      | Found a runed translucent gate.
  5506 | D:9      | Found a runed translucent gate.
  5507 | D:9      | Found an opulent altar of Gozag.
  5509 | D:9      | Noticed a death knight
  5509 | D:9      | Glimpsed the power of Zot.
  5519 | D:9      | Touched by the power of Zot.
  5628 | D:9      | Glimpsed the power of Zot.
  5635 | D:9      | Reached skill level 13 in Dodging
  5683 | D:9      | Glimpsed the power of Zot.
  5699 | D:10     | Entered Level 10 of the Dungeon
  6023 | D:10     | Identified a scroll of acquirement
  6024 | D:10     | Acquired the +4 cloak of Qeps {Rampage rElec rF- Slay+5}
  6057 | D:11     | Noticed a death yak
  6059 | D:11     | Found a staircase to the Lair.
  6059 | D:11     | Noticed a death yak
  6060 | D:11     | Noticed a death yak
  6071 | D:11     | Killed a death yak
  6075 | D:11     | HP: 5/107 [yak (6)]
  6079 | Lair:1   | Entered Level 1 of the Lair of Beasts
  6096 | Lair:1   | Reached XP level 13. HP: 67/114 MP: 14/14
  6159 | Lair:1   | Reached skill level 14 in Dodging
  6271 | Lair:1   | Noticed Amaemon
  6284 | Lair:1   | Killed Amaemon
  6343 | Lair:1   | Identified the +7 mace "Otwar" {flame, Str+4 Stlth+}
  6433 | Lair:1   | Found a dark tunnel.
  6503 | Volcano  | Entered a volcano
  6532 | Volcano  | Mangled by a sun demon

Illustrated notes

Levels and vault maps discovered:
D:1:      amcnicky_arrival_feature_with_door, layout_loops_ring, serial_shops,
          nicolae_shop_window_shopping, nicolae_hexahallways,
          minmay_misc_feat_columns
D:2:      layout_rooms, serial_co_window_serial, co_window_paths_a,
          co_window_paths_a, co_window_corner_a, co_window_corner_a,
          co_window_cross_1, co_window_of_opportunity_b,
          co_window_of_opportunity_b, co_window_corner_b, co_window_corner_b,
          co_window_2corner, co_window_2corner, co_window_unsneaky_path_d,
          co_window_4corner_b, minmay_cut_off
D:3:      layout_basic, mainiacjoe_overflow_six_doors_small,
          grunt_temple_overflow_diamond, serial_shops, nicolae_shop_waterfront,
          ebering_ecumenical_altar_petrified, gammafunk_ghost_smash, uniq_ijyb,
          uniq_grinder
D:4:      layout_basic, mainiacjoe_overflow_surrounded_room, serial_shops,
          nicolae_shop_trees
D:5:      minmay_clustersquares, layout_basic, nicolae_wu_jian_wuxing_cycle,
          temple_statues, minmay_manual_monstrance, uniq_crazy_yiuf_cottage
D:6:      layout_gridville, mainiacjoe_overflow_alcove_1
D:7:      layout_loops_ring, kennysheep_little_box,
          nicolae_overflow_hidden_temple, chei_slow_surprise, st_stairs_10,
          skrybe_limestone_x, grunt_decor_arrowhead, minmay_small_thing,
          uniq_duvessa
D:8:      layout_loops_ring, enter_bailey_8, uniq_maurice
D:9:      layout_loops_corners, ebering_ghost_gozag, kennysheep_dice
D:10:     layout_basic
D:11:     layout_gridville, dpeg_lair_monsters, hangedman_corner_corridor
Lair:1:   layout_hall_layers, nicolae_volcano_entry_vermiform, uniq_amaemon
Volcano:  hellmonk_smoking_crater

Skill      XL: |  1  2  3  4  5  6  7  8  9 10 11 12 13 |
---------------+----------------------------------------+-----
Shields        | 4 5 6 7 9 10 11 12 | 12.1
Armour         | 4 5 6 7 9 10 11 12 | 12.1
Axes           | 3 4 5 6 7 8 10 11 | 11.8
Fighting       | 4 5 6 7 8 9 10 11 | 11.1
Dodging        | 3 6 9 12 13 14 | 14.6

Action                   |  1- 3 |  4- 6 |  7- 9 | 10-12 | 13-15 || total
-------------------------+-------+-------+-------+-------+-------++-------
Melee: War axe           |    72 |    71 |   332 |   441 |    73 ||   989
       Unarmed           |       |       |     2 |       |       ||     2
Evoke: Wand              |       |     1 |       |    21 |       ||    22
  Use: Potion            |       |     1 |     2 |    15 |     2 ||    20
       Scroll            |       |       |     7 |    11 |       ||    18
Armor: Scale mail        |    31 |    52 |   235 |   167 |       ||   485
       Skin              |       |    12 |       |       |       ||    12
       Plate armour      |       |       |       |   142 |    76 ||   218
Dodge: Dodged            |    32 |    25 |   160 |   185 |    39 ||   441
Block: Buckler           |    30 |    18 |   101 |   154 |    35 ||   338

Table legend: (Time is in decaauts)
 A = Elapsed time spent in this place.
 B = Non-inter-level travel time spent in this place.
 C = Inter-level travel time spent in this place.
 D = Time resting spent in this place.
 E = Time spent auto-exploring this place.
 F = Levels seen in this place.
 G = Mean time per level.
                   A        B        C        D        E       F      G
               +--------+--------+--------+--------+--------+-----+--------+
         Total |   6672 |   5879 |    793 |      8 |      0 |  14 |  476.6 |
       Dungeon |   5945 |   5222 |    723 |      8 |      0 |  11 |  540.5 |
          Lair |    420 |    350 |     70 |      0 |      0 |   1 |  420.0 |
        Bailey |    278 |    278 |      0 |      0 |      0 |   1 |  278.0 |
       Volcano |     28 |     28 |      0 |      0 |      0 |   1 |   28.0 |
               +--------+--------+--------+--------+--------+-----+--------+

Top non-repeatable levels by time:
     D:6: 724 daAuts
     D:4: 681 daAuts
     D:5: 660 daAuts
     D:3: 659 daAuts
     D:7: 619 daAuts
     D:8: 598 daAuts
     D:1: 594 daAuts
     D:2: 571 daAuts
     D:9: 471 daAuts
  Lair:1: 420 daAuts
    D:10: 326 daAuts
  Bailey: 278 daAuts
    D:11: 38 daAuts
 Volcano: 28 daAuts
